 Dungeon Crawl Stone Soup version 0.29-a0-275-g389c0b56f3 (webtiles) character file.

Game seed: 15185558555502440657

3143 siradein the Quickloader (level 9, -1/55 HPs)
             Began as a Gargoyle Hunter on Mar 9, 2022.
             Was a Believer of Nemelex Xobeh.
             Slain by a yak (7 damage)
             ... on level 8 of the Dungeon.
             The game lasted 00:32:53 (11853 turns).

siradein the Quickloader (Gargoyle Hunter)         Turns: 11853, Time: 00:32:54

Health: -1/55      AC: 20    Str: 20    XL:     9   Next: 93%
Magic:  12/12      EV: 13    Int: 26    God:    Nemelex Xobeh [**....]
Gold:   242        SH:  0    Dex: 16    Spells: 7/8 levels left

rFire   . . .      SeeInvis .   s - +1 spear of the Undead {venom, Str+4 Int+2 Dex+2 Stlth-}
rCold   . . .      Faith    .   (no shield)
rNeg    + + .      Spirit   .   A - +5 ring mail of Darkness {rElec Int+3 Stlth+}
rPois   ∞          Reflect  .   w - +2 helmet {Int+3}
rElec   +          Harm     .   (no cloak)
rCorr   .          Rampage  .   (no gloves)
Will    .....                   (no boots)
Stlth   ++........              (no amulet)
HPRegen 0.18/turn               g - ring of positive energy
MPRegen 0.13/turn               F - +6 ring of intelligence

@: no status effects
A: sickness immunity, AC +6, negative energy resistance 1, electricity
resistance, torment resistance 1, petrification resistance
a: Renounce Religion, Draw Escape, Draw Destruction, Draw Summoning


You were on level 8 of the Dungeon.
You worshipped Nemelex Xobeh.
Nemelex Xobeh was pleased with you.
You visited 1 branch of the dungeon, and saw 8 of its levels.
You also visited: Sewer.

You collected 382 gold pieces.
You spent 140 gold pieces at shops.

Inventory:

Hand Weapons
 a - a +1 hand crossbow
 s - the +1 spear of the Undead (weapon) {venom, Str+4 Int+2 Dex+2 Stlth-}
   (You found it on level 7 of the Dungeon)

   It poisons the flesh of those it strikes.
   Str:       It affects your strength (+4).
   Int:       It affects your intelligence (+2).
   Dex:       It affects your dexterity (+2).
   Stlth:     It makes you less stealthy.
Missiles
 r - 5 curare-tipped darts
Armour
 o - the +3 robe "Hewoib" {rPois Str-3 Stlth+ Archmagi}
   (You took it off a hobgoblin on level 1 of the Dungeon)

   Str:       It affects your strength (-3).
   rPois:     It protects you from poison.
   Archmagi:  It increases the power of your magical spells.
   Stlth:     It makes you more stealthy.
 w - a +2 helmet of intelligence (worn)
 A - the +5 ring mail of Darkness (worn) {rElec Int+3 Stlth+}
   (You found it on level 6 of the Dungeon)

   Int:       It affects your intelligence (+3).
   rElec:     It insulates you from electricity.
   Stlth:     It makes you more stealthy.
Jewellery
 g - a ring of positive energy (left hand)
 n - the ring "Lotz" {Fire Int+7}
   (You found it on level 2 of the Dungeon)

   [ring of fire]

   It enhances your fire magic.
   Int:       It affects your intelligence (+7).
   rF:        It protects you from fire.
   rC:        It makes you vulnerable to cold.
 F - a +6 ring of intelligence (right hand)
Wands
 b - a wand of polymorph (3)
 B - a wand of flame (9)
Scrolls
 c - 2 scrolls of immolation
 e - 6 scrolls of teleportation
 f - a scroll of torment
 h - a scroll of enchant weapon
 i - 2 scrolls of summoning
 k - 4 scrolls of blinking
 l - 3 scrolls of magic mapping
 p - a scroll of enchant armour
 q - a scroll of noise {unknown}
 t - 2 scrolls of fear {unknown}
 y - a scroll of fog
 D - a scroll of amnesia
Potions
 d - 2 potions of attraction
 j - a potion of mutation
 m - 2 potions of curing
 u - a potion of magic
 v - a potion of brilliance
 x - a potion of resistance
 z - 2 potions of might
 C - a potion of flight
 G - a potion of lignification


   Skills:
 + Level 5.9 Fighting
 * Level 8.3 Crossbows
 + Level 5.5 Armour
 + Level 4.4 Dodging
 + Level 3.0 Stealth
 + Level 4.2 Translocations
 + Level 5.0 Invocations


You had 7 spell levels left.
You knew the following spells:

 Your Spells              Type           Power      Damage    Failure   Level
a - Apportation           Tloc           44%        N/A       3%          1

Your spell library contained the following spells:

 Spells                   Type           Power      Damage    Failure   Level
 Dazzling Flash           Conj/Hex       0%         N/A       52%         3
 Agony                    Necr           0%         N/A       99%         5
 Silence                  Hex/Air        0%         N/A       99%         5


Dungeon Overview and Level Annotations

Branches:
Dungeon (8/15)             Temple (0/1) D:6           Sewer (visited)
   Lair: D:8-11

Altars:
Nemelex Xobeh
Ru

Shops:
D:6 =   D:8 ?

Portals:
Abyss: D:4

Annotations:
D:4 1 transporter, Esekla's ghost, amateur OpDe
D:8 6 transporters, Maurice


Innate Abilities, Weirdness & Mutations

You are immune to sickness and miasma.
Your stone body is resilient. (AC +6)
You are immune to poison.
You resist negative energy. (rN+)
You are resistant to electric shocks. (rElec)
You are resistant to unholy torment.
You are immune to petrification.


Message History

The bullfrog croaks.
The bolt hits the yak.
The yak is moderately wounded.
You hear a bellow!
The yak gores you!
You shoot a bolt. The bolt barely misses the yak.
The bolt hits the bullfrog!
The bullfrog is heavily wounded.
The yak gores you!
You shoot a bolt. The bolt hits the yak.
The yak is heavily wounded.
The yak closely misses you.
You shoot a bolt. The bolt closely misses the yak.
The bolt closely misses the bullfrog.
The yak gores you but does no damage.
You shoot a bolt. The bolt barely misses the yak.
The bolt hits the bullfrog.
The bullfrog is heavily wounded.
The yak gores you but does no damage. The yak gores you!
You are too injured to fight recklessly!
You are too injured to fight recklessly!
You are too injured to fight recklessly!
You are too injured to fight recklessly!
Unknown command.
The yak gores you but does no damage.
You feel stronger.
You feel clever.
You feel agile.
The +1 spear of the Undead {venom, Str+4 Int+2 Dex+2 Stlth-} begins to drip with poison!
s - the +1 spear of the Undead (weapon)
{venom, Str+4 Int+2 Dex+2 Stlth-} You barely miss the yak.
The yak is moderately wounded.
The yak gores you!
You barely miss the yak.
The yak is moderately wounded.
The yak gores you!
* * * LOW HITPOINT WARNING * * *
You barely miss the yak.
The yak is moderately wounded.
The yak closely misses you.
You hit the yak.
The yak is poisoned.
The yak is heavily wounded.
The yak gores you!
You die...
Your body glows slightly and disappears.

##########
##########...@YF..#
#..........######.#
#.########## #.#
####.### #.#
.......# ...
####...# #.# ###.#
#.# #.# ### #.# #
Y.#.# #.#
>.####.###.... ..
#.#


You could see a yak (poisoned) and a bullfrog.

Vanquished Creatures
  An unseen horror (D:8)
  A hornet (D:8)
  A wyvern (D:7)
  2 yaks (D:7)
  A water moccasin (D:8)
  2 sky beasts
  An ice beast (D:5)
  2 black bears
  A centaur (D:6)
  2 ogres
  A phantom (D:6)
  A kobold brigand (D:7)
  A scorpion (D:5)
  6 bullfrogs
  A gnoll sergeant (D:6)
  3 jellies
  3 orc priests
  3 hounds
  Jessica (D:2)
  Terence (D:2)
  4 orc wizards
  Robin (D:4)
  7 gnolls
  11 adders
  A shadow imp (D:5)
  3 white imps
  An ufetubus (D:5)
  2 worms (D:2)
  19 orcs
  7 ball pythons
  9 endoplasms
  11 giant cockroaches
  14 goblins
  9 hobgoblins
  10 jackals
  10 quokkas
  9 bats
  11 frilled lizards
  11 kobolds
  3 rats
188 creatures vanquished.

Vanquished Creatures (others)
  3 fungi (D:3)
3 creatures vanquished.

Grand Total: 191 creatures vanquished

Notes
Turn   | Place    | Note
-------+----------+-------------------------------------------
     0 | D:1      | siradein the Gargoyle Hunter began the quest for the Orb.
     0 | D:1      | Reached XP level 1. HP: 12/12 MP: 1/1
   234 | D:1      | Reached XP level 2. HP: 18/18 MP: 2/2
   300 | D:1      | Found a faded altar of an unknown god.
   316 | D:1      | Got Plato's Catalogue of the Voyage
   502 | D:1      | Reached skill level 1 in Armour
   520 | D:1      | Reached XP level 3. HP: 22/22 MP: 3/3
   966 | D:2      | You fall into a shaft and drop 1 floor!
   966 | D:3      | Found a sparkling altar of Nemelex Xobeh.
  1054 | D:3      | Became a worshipper of Nemelex Xobeh the Trickster
  1159 | D:2      | Reached XP level 4. HP: 22/27 MP: 4/4
  1230 | D:2      | Learned a level 1 spell: Apportation
  1529 | D:2      | Noticed Terence
  1701 | D:2      | Reached XP level 5. HP: 32/32 MP: 5/5
  1739 | D:2      | Found a sacrificial altar of Ru.
  1853 | D:2      | Noticed Jessica
  2089 | D:2      | Identified the ring "Lotz" {Fire Int+7}
  2115 | D:2      | Identified the +3 robe "Hewoib" {rPois Str-3 Stlth+
                  | Archmagi}
  2625 | D:2      | Killed Jessica
  2626 | D:2      | Reached skill level 5 in Crossbows
  2626 | D:2      | Reached skill level 1 in Invocations
  2627 | D:2      | Found a sacrificial altar of Ru.
  3117 | D:3      | Reached skill level 1 in Translocations
  3123 | D:3      | Reached XP level 6. HP: 34/37 MP: 5/7
  3227 | D:3      | Reached * piety under Nemelex Xobeh
  3602 | D:4      | Found a one-way gate to the infinite horrors of the Abyss.
  3602 | D:4      | Noticed Esekla's ghost (amateur OpDe)
  3694 | D:4      | Received a gift from Nemelex Xobeh
  3754 | D:4      | Noticed Robin
  3761 | D:4      | Killed Robin
  3947 | D:4      | Found a transporter.
  4382 | D:5      | Entered Level 5 of the Dungeon
  4489 | D:5      | Found a glowing drain.
  4635 | Sewer    | Entered a sewer
  4849 | Sewer    | Reached XP level 7. HP: 42/42 MP: 8/8
  5254 | D:5      | Reached ** piety under Nemelex Xobeh
  5656 | D:5      | Reached skill level 6 in Crossbows
  6168 | D:6      | Reached XP level 8. HP: 45/48 MP: 10/10
  6482 | D:6      | Identified the +5 ring mail of Darkness {rElec Int+3
                  | Stlth+}
  7549 | D:2      | Found a sacrificial altar of Ru.
  7581 | D:2      | Killed Terence
  8852 | D:6      | Reached skill level 7 in Crossbows
  9299 | D:6      | Found Jeoczoir's Jewellery Shoppe.
  9385 | D:6      | Found a staircase to the Ecumenical Temple.
  9600 | D:6      | Reached skill level 5 in Fighting
  9703 | D:7      | Reached XP level 9. HP: 54/54 MP: 12/12
  9848 | D:7      | Identified the +1 spear of the Undead {venom, Str+4 Int+2
                  | Dex+2 Stlth-}
 10148 | D:8      | Found a transporter.
 10148 | D:8      | Found a transporter.
 10185 | D:8      | Found a transporter.
 10422 | D:7      | Reached skill level 5 in Armour
 10510 | D:8      | Found a transporter.
 10512 | D:8      | Received a gift from Nemelex Xobeh
 10544 | D:8      | Killed an unseen horror
 10765 | D:8      | Noticed a hornet
 10776 | D:8      | Killed a hornet
 10777 | D:8      | Reached skill level 8 in Crossbows
 11213 | D:8      | Reached skill level 5 in Invocations
 11374 | D:8      | Noticed Maurice
 11783 | D:8      | Found Qyterphix's Magic Scroll Shoppe.
 11787 | D:8      | Found a transporter.
 11788 | D:8      | Bought a scroll of identify for 28 gold pieces
 11788 | D:8      | Bought a scroll of identify for 28 gold pieces
 11788 | D:8      | Bought a scroll of identify for 28 gold pieces
 11788 | D:8      | Bought a scroll of identify for 28 gold pieces
 11788 | D:8      | Bought a scroll of identify for 28 gold pieces
 11799 | D:8      | Found a transporter.
 11853 | D:8      | Slain by a yak

Illustrated notes

Levels and vault maps discovered:
D:1:      sevenhm_arrival_forest_fort_large_4, layout_basic,
          shapermc_ecumenical_altar_rom_forum
D:2:      layout_loops_ring, basic_altar, minmay_pentomino_p4, uniq_terence,
          uniq_jessica
D:3:      layout_rooms, mainiacjoe_overflow_cross_hatched, serial_rivers,
          chequers_serial_rivers_micro_e, chequers_serial_rivers_large_b,
          chequers_serial_rivers_micro_a, chequers_serial_rivers_large_a
D:4:      layout_basic, gammafunk_ghost_abyssal_escape, uniq_robin
D:5:      layout_basic, gup_sewer_entry_glass
D:6:      layout_cave_pools, minmay_temple_entry_trees, serial_shops,
          nicolae_shop_temple_entry_statues_fountains
D:7:      layout_rooms, kennysheep_generic_room_11
D:8:      layout_loops_ring, serial_shops, shop, serial_nicolae_subway,
          nicolae_sub_station_metal, nicolae_sub_station_stone,
          nicolae_sub_station_crystal, uniq_maurice

Skill      XL: |  1  2  3  4  5  6  7  8  9 |
---------------+----------------------------+-----
Armour         | 1 2 3 4 5 |  5.5
Dodging        | 2 3 4 |  4.4
Fighting       | 3 4 5 |  5.9
Crossbows      | 5 6 7 8 |  8.3
Invocations    | 1 2 3 4 5 |  5.0
Translocations | 1 2 3 4 |  4.2
Stealth        | 3 |  3.0

Action                   |  1- 3 |  4- 6 |  7- 9 || total
-------------------------+-------+-------+-------++-------
Melee: Hand crossbow     |       |       |     3 ||     3
       Spear             |       |       |    37 ||    37
 Fire: Hand crossbow     |    97 |   343 |   508 ||   948
Invok: Draw Destruction  |       |     1 |     4 ||     5
  Use: Scroll            |       |     1 |    17 ||    18
Armor: Leather armour    |    21 |    26 |       ||    47
       Robe              |       |    66 |    58 ||   124
       Ring mail         |       |       |   244 ||   244
Dodge: Dodged            |    21 |   153 |   232 ||   406

Table legend: (Time is in decaauts)
 A = Elapsed time spent in this place.
 B = Non-inter-level travel time spent in this place.
 C = Inter-level travel time spent in this place.
 D = Time resting spent in this place.
 E = Time spent auto-exploring this place.
 F = Levels seen in this place.
 G = Mean time per level.
                   A        B        C        D        E       F      G
               +--------+--------+--------+--------+--------+-----+--------+
         Total |  12238 |  11960 |    278 |   2590 |   6613 |   9 | 1359.8 |
       Dungeon |  11589 |  11311 |    278 |   2590 |   6179 |   8 | 1448.6 |
         Sewer |    649 |    649 |      0 |      0 |    434 |   1 |  649.0 |
               +--------+--------+--------+--------+--------+-----+--------+

Top non-repeatable levels by time:
     D:5: 2358 daAuts
     D:2: 2197 daAuts
     D:1: 1374 daAuts
     D:6: 1262 daAuts
     D:7: 1231 daAuts
     D:4: 1227 daAuts
     D:8: 1098 daAuts
     D:3: 839 daAuts
   Sewer: 649 daAuts
